Map: 大气2000-天梯版

Players

hAppynOOb - Winner!

  • Race: Protoss Protoss
  • League: Diamond

LILIIILILIL

  • Race: Terran Terran
  • League: Diamond

VOD

Have the link to the VOD?

Description

Time

  • Played on: Feb. 19, 2022, 2:35 p.m.
  • Length: 10:12
Show
View Real Time Build Order
Export as new Build Order

hAppynOOb Protoss - Winner!

Build Orders: 1 Gate Expand, Dark Templar Rush 

Get SALT Encoding   

  12  0:00  Probe  
  13  0:12  Probe  
  14  0:18  Pylon  
  14  0:24  Probe  
  15  0:37  Gateway, Probe (Chrono Boost)  
  16  0:46  Assimilator  
  16  0:49  Probe (Chrono Boost)  
  17  0:54  Probe (Chrono Boost)  
  18  1:03  Probe  
  19  1:15  Probe  
  20  1:27  Nexus  
  20  1:36  Cybernetics Core  
  20  1:37  Probe  
  21  1:47  Assimilator  
  21  1:51  Pylon  
  21  1:52  Probe  
  22  2:04  Probe  
  23  2:10  Adept (Chrono Boost)  
  23  2:13  Warp Gate  
  25  2:16  Probe  
  26  2:23  Twilight Council  
  26  2:28  Probe  
  27  2:36  Stalker  
  29  2:41  Probe  
  29  2:42  Probe  
  31  2:54  Robotics Facility  
  31  2:58  Probe x2  
  33  3:10  Probe x2  
  35  3:26  Dark Shrine  
  35  3:29  Probe x2  
  37  3:36  Gateway  
  37  3:38  Pylon  
  37  3:39  Gateway  
  37  3:41  Probe x2  
  37  3:43  Warp Prism (Chrono Boost)  
  41  3:58  Probe x2  
  41  4:00  Shield Battery  
  41  4:02  Stalker  
  45  4:10  Probe x2  
  45  4:14  Pylon  
  47  4:17  Pylon  
  47  4:22  Assimilator  
  47  4:25  Probe x2  
  49  4:39  Dark Templar x3  
  49  4:44  Probe x2  
  57  4:59  Probe x2  
  59  5:05  Observer  
  59  5:06  Nexus  
  60  5:11  Probe x2  
  60  5:13  Shield Battery  
  62  5:14  Stalker  
  62  5:15  Dark Templar  
  62  5:23  Probe x2  
  62  5:26  Stalker  
  64  5:42  Observer  
  65  5:47  Probe x2, Robotics Bay  
  65  5:49  Nexus  
  67  5:50  Pylon  
  67  5:53  Pylon  
  67  5:54  Pylon  
  67  5:59  Probe x2  
  69  6:07  Assimilator  
  69  6:10  Stalker, Pylon  
  69  6:11  Stalker x2, Probe x2  
  77  6:13  Observer (Chrono Boost)  
  78  6:24  Forge  
  78  6:29  Probe x2  
  78  6:31  Forge  
  80  6:36  Colossus  
  86  6:41  Probe x2  
  88  6:49  Shield Battery  
  88  6:53  Probe x2  
  89  6:55  Stalker x2  
  89  6:56  Stalker  
  91  7:02  Probe  
  91  7:05  Probe x2  
  92  7:09  Observer  
  92  7:11  Protoss Ground Weapons Level 1 (Chrono Boost)  
  92  7:14  Probe  
  92  7:15  Protoss Ground Armor Level 1 (Chrono Boost), Shield Battery  
  93  7:17  Extended Thermal Lance  
  93  7:26  Gateway x2, Probe x2  
  93  7:27  Probe  
  93  7:28  Gateway  
  96  7:38  Probe x2, Sentry  
  96  7:39  Probe  
  96  7:43  Assimilator  
  101  7:45  Observer  
  101  7:46  Colossus (Chrono Boost)  
  101  7:48  Assimilator  
  101  7:50  Probe x2  
  101  7:51  Probe  
  110  8:02  Probe x2  
  110  8:03  Probe  
  113  8:14  Probe  
  113  8:19  Gateway  
  114  8:20  Gateway  
  114  8:24  Stalker, Gateway, Observer (Chrono Boost)  
  114  8:26  Robotics Facility  
  117  8:29  Pylon  
  117  8:31  Pylon  
  117  8:32  Pylon  
  117  8:34  Pylon  
  117  8:40  Templar Archives  
  117  8:46  Nexus  
  117  8:47  Immortal  
  120  8:55  Probe  
  120  8:56  Probe x2  
  123  9:06  Observer  
  123  9:13  Probe x3  
  126  9:17  Pylon  
  126  9:20  Pylon  
  126  9:33  Stalker x4  
  126  9:34  Stalker x2  
  126  9:36  Stalker  
  126  9:37  Stalker x2  
  148  10:04  Stalker x3  
  148  10:05  Stalker x4  
Show
View Real Time Build Order
Export as new Build Order

LILIIILILIL Terran 

Build Orders:  

Get SALT Encoding   

  12  0:00  SCV  
  13  0:12  SCV  
  14  0:17  Supply Depot  
  14  0:24  SCV  
  15  0:39  SCV  
  15  0:40  Barracks  
  16  0:44  Refinery  
  16  0:51  SCV  
  17  1:03  SCV  
  18  1:15  SCV  
  19  1:28  Marine  
  19  1:29  Orbital Command  
  20  1:38  Command Center  
  20  1:47  Barracks Reactor  
  20  1:54  SCV  
  20  1:55  Supply Depot  
  21  2:06  SCV  
  22  2:10  Barracks  
  22  2:12  Barracks  
  22  2:20  SCV  
  23  2:23  Marine x2  
  25  2:32  SCV  
  25  2:33  Refinery  
  26  2:41  Marine x2  
  28  2:44  SCV  
  28  2:50  Orbital Command  
  29  2:52  Supply Depot  
  29  2:56  SCV  
  30  3:00  Barracks Tech Lab x2  
  30  3:07  Marine x2  
  30  3:08  SCV  
  33  3:15  SCV  
  34  3:23  Combat Shield, Stimpack  
  34  3:24  Marine  
  34  3:25  Marine  
  36  3:28  SCV  
  36  3:33  Supply Depot  
  37  3:36  Marine  
  37  3:37  Marine  
  37  3:39  SCV  
  37  3:41  SCV  
  41  3:43  Marine  
  41  3:44  Marine  
  43  3:52  SCV  
  43  3:53  SCV  
  43  3:54  Marine x2  
  47  3:57  Engineering Bay  
  47  4:08  SCV x2  
  49  4:15  Factory, Marine x3  
  49  4:16  Marine  
  53  4:20  SCV x2  
  55  4:25  Supply Depot  
  55  4:26  Terran Infantry Weapons Level 1  
  55  4:32  SCV x2  
  55  4:33  Marine x4  
  61  4:42  Refinery  
  61  4:43  Refinery  
  61  4:44  SCV  
  62  4:46  SCV  
  62  4:50  Command Center  
  63  4:54  Supply Depot  
  63  4:57  Marine x2, SCV  
  63  4:58  SCV  
  45  5:26  SCV x2  
  33  5:35  Marine  
  33  5:36  Marine x2  
  33  5:38  SCV x2  
  38  5:43  Missile Turret  
  38  5:48  Marine  
  38  5:49  Factory Tech Lab  
  39  5:50  SCV x2  
  41  5:58  Starport  
  41  6:00  Marine  
  41  6:02  SCV x2  
  44  6:09  Orbital Command  
  44  6:14  SCV  
  45  6:22  Marine x2  
  45  6:23  Marine x2  
  49  6:27  Terran Infantry Armor Level 1  
  49  6:34  Starport Reactor  
  49  6:40  SCV x3  
  46  7:06  Marine  
  46  7:07  Marine x2  
  46  7:08  Marauder  
  45  7:11  Medivac x2  
  45  7:15  SCV x3  
  49  7:22  Widow Mine  
  51  7:27  SCV x3  
  54  7:31  Concussive Shells, Marauder x2  
  58  7:39  SCV x2  
  58  7:42  Medivac x2  
  64  7:45  Widow Mine  
  64  7:49  Orbital Command  
  66  7:58  Marine x3  
  68  7:59  Marauder  
  71  8:09  Widow Mine  
  71  8:12  Medivac x2  
  77  8:17  SCV x3  
  80  8:28  Missile Turret  
  80  8:29  SCV x3  
  80  8:30  Supply Depot  
  80  8:31  Supply Depot  
  80  8:34  Marine x3  
  83  8:41  SCV x3  
  89  8:53  SCV  
  90  8:55  Refinery  
  90  8:59  Refinery  
  90  9:09  Missile Turret  
  90  9:13  Missile Turret, Marine x3  
  90  9:14  Marauder  
  95  9:19  Widow Mine  
  95  9:20  Barracks  
  95  9:22  Barracks  
  97  9:31  Marine x2  
  97  9:32  Marauder  
  97  9:35  Marine  
  102  9:39  Armory  
  102  9:41  Widow Mine  
  104  9:49  Marine x2  
Tags
 
Add a new tag
Caveats
  • Supply blocks, unpowered buildings, or Contaminate may cause inaccurate times.
  • Supply counts are checked every 10 seconds.